 Dungeon Crawl Stone Soup version 0.28-a0-1227-ga9037bb4c8 (webtiles) character file.

Game seed: 15980170832991567294

370762 RepHenryClay the Eclecticist (level 22, -1/169 (177) HPs)
             Began as a Gnoll Wanderer on Dec 19, 2021.
             Was the Champion of Makhleb.
             Killed from afar by a shadow dragon (32 damage)
             ... with a bolt of negative energy
             ... on level 4 of the Depths on Dec 23, 2021.
             The game lasted 02:33:14 (73634 turns).

RepHenryClay the Eclecticist (Gnoll Wanderer)      Turns: 73634, Time: 02:33:15

HP:   -1/169 (177)  AC: 19    Str: 14    XL:     22   Next: 66%
MP:   39/43         EV: 27    Int: 16    God:    Makhleb [******]
Gold: 2377          SH: 15    Dex: 23    Spells: 18/56 levels left

rFire   . . .      SeeInvis +   a - +12 demon trident "Qoce" {vorpal, Int+6}
rCold   + . .      Faith    .   K - +0 kite shield {reflect}
rNeg    . . .      Spirit   .   y - +0 acid dragon scales
rPois   .          Reflect  +   c - +0 helmet
rElec   +          Harm     .   T - +1 cloak {rC+}
rCorr   +          Rampage  .   I - +0 pair of gloves
Will    +....                   r - +2 pair of boots {Fly}
Stlth   ++++++....              W - amulet of regeneration
HPRegen 1.18/turn               X - ring of Nakae {rElec Int-4 Dex+5 SInv}
MPRegen 0.28/turn               E - +4 ring of evasion

@: flying, studying Fire Magic, lightly drained
A: fangs 1, strong nose, distributed training
}: 2/15 runes: serpentine, barnacled
a: Renounce Religion, Minor Destruction, Lesser Servant of Makhleb, Major
Destruction, Greater Servant of Makhleb


You were on level 4 of the Depths.
You worshipped Makhleb.
Makhleb was exalted by your worship.
You visited 8 branches of the dungeon, and saw 40 of its levels.
You visited 2 bazaars.
You also visited: Ice Cave.

You collected 6004 gold pieces.
You spent 3627 gold pieces at shops.

Inventory:

Hand Weapons
 a - the +12 demon trident "Qoce" (weapon) {vorpal, Int+6}
   (You bought it in a shop on level 8 of the Dungeon)

   It inflicts extra damage upon your enemies.
   Int:       It affects your intelligence (+6).
 s - the +6 rapier "Seobanuy" {flame, rF+ Int+5}
   (You found it on level 4 of the Dungeon)

   It burns those it strikes, dealing additional fire damage.
   Int:       It affects your intelligence (+5).
   rF:        It protects you from fire.
 w - the +6 broad axe "Nuplakh" {vorpal, rElec rC+ Int+3}
   (You acquired it on level 8 of the Dungeon)

   It inflicts extra damage upon your enemies.
   Int:       It affects your intelligence (+3).
   rC:        It protects you from cold.
   rElec:     It insulates you from electricity.
Missiles
 h - 134 poisoned darts (quivered)
 l - 9 atropa-tipped darts
 p - 24 javelins
 x - 4 curare-tipped darts
 z - 3 throwing nets
 M - 3 datura-tipped darts
 P - 12 silver javelins
Armour
 c - a +0 helmet (worn)
 f - +0 fire dragon scales
 r - a +2 pair of boots of flying (worn)
 y - +0 acid dragon scales (worn)
 I - a +0 pair of gloves (worn)
 K - a +0 kite shield of reflection (worn)
 T - a +1 cloak of cold resistance (worn)
 Z - a +0 cloak of poison resistance
Jewellery
 D - an amulet of reflection
 E - a +4 ring of evasion (right hand)
 J - a ring of willpower
 N - a ring of poison resistance
 O - a ring of flight
 U - a ring of positive energy
 V - a ring of protection from cold
 W - an amulet of regeneration (around neck)
 X - the ring of Nakae (left hand) {rElec Int-4 Dex+5 SInv}
   (You found it on level 12 of the Dungeon)

   [ring of see invisible]

   Int:       It affects your intelligence (-4).
   Dex:       It affects your dexterity (+5).
   rElec:     It insulates you from electricity.
   SInv:      It lets you see invisible.
 Y - a ring of willpower
Wands
 d - a wand of paralysis (3)
 e - a wand of charming (4)
 q - a wand of iceblast (25)
 G - a wand of digging (24)
 H - a wand of mindburst (37)
Scrolls
 g - 7 scrolls of fog
 k - 15 scrolls of identify {@r1}
 m - 8 scrolls of teleportation
 t - 3 scrolls of blinking
 u - 2 scrolls of holy word
 C - 9 scrolls of enchant weapon
 L - 2 scrolls of enchant armour
 Q - 5 scrolls of magic mapping
 S - 2 scrolls of summoning
Potions
 b - 6 potions of flight
 i - 4 potions of resistance
 j - 2 potions of heal wounds
 o - 7 potions of mutation
 v - 13 potions of curing
 A - 8 potions of might
 B - 3 potions of haste
 F - 4 potions of magic
 R - a potion of cancellation
Miscellaneous
 n - a box of beasts


   Skills:
 + Level 15.8 Fighting
 + Level 15.2 Short Blades
 + Level 15.2 Long Blades
 + Level 15.2 Axes
 + Level 16.4 Maces & Flails
 + Level 15.2 Polearms
 + Level 15.2 Staves
 + Level 15.2 Slings
 + Level 15.2 Bows
 + Level 15.2 Crossbows
 + Level 15.2 Throwing
 + Level 15.2 Armour
 + Level 15.2 Dodging
 + Level 15.2 Stealth
 + Level 15.2 Shields
 + Level 15.2 Unarmed Combat
 + Level 17.5 Spellcasting
 + Level 12.9 Conjurations
 + Level 12.9 Hexes
 + Level 12.9 Summonings
 + Level 12.9 Necromancy
 + Level 12.9 Translocations
 + Level 12.9 Transmutations
 + Level 16.2 Fire Magic
 + Level 12.9 Ice Magic
 + Level 12.9 Air Magic
 + Level 12.9 Earth Magic
 + Level 12.9 Poison Magic
 + Level 16.5 Invocations
 + Level 15.2 Evocations


You had 18 spell levels left.
You knew the following spells:

 Your Spells              Type           Power      Damage    Failure   Level
a - Sting                 Tmut/Pois      100%       1d8       1%          1
b - Stone Arrow           Conj/Erth      100%       3d13      1%          3
c - Mephitic Cloud        Conj/Pois/Air  53%        N/A       1%          3
d - Eringya's Noxious Bo  Tmut/Pois      26%        N/A       4%          6
e - Borgnjor's Vile Clut  Necr/Erth      26%        N/A       1%          5
f - Fireball              Conj/Fire      28%        3d12      1%          5
g - Lee's Rapid Deconstr  Erth           26%        3d15*     1%          5
h - Lightning Bolt        Conj/Air       26%        1d42      1%          5
i - Manifold Assault      Tloc           53%        N/A       1%          5

Your spell library contained the following spells:

 Spells                   Type           Power      Damage    Failure   Level
 Beastly Appendage        Tmut           100%       N/A       1%          1
 Freeze                   Ice            100%       1d11      1%          1
 Magic Dart               Conj           100%       1d8       1%          1
 Shock                    Conj/Air       100%       1d9       1%          1
 Slow                     Hex            100%       N/A       1%          1
 Blink                    Tloc           100%       N/A       1%          2
 Call Imp                 Summ           53%        N/A       1%          2
 Corpse Rot               Necr/Air       100%       N/A       1%          2
 Poisonous Vapours        Pois/Air       100%       N/A       1%          2
 Searing Ray              Conj           100%       2d8       1%          2
 Static Discharge         Conj/Air       53%        N/A       1%          2
 Sublimation of Blood     Necr           53%        N/A       1%          2
 Wereblood                Tmut           53%        N/A       1%          2
 Confusing Touch          Hex            53%        N/A       1%          3
 Frozen Ramparts          Ice            100%       1d12      1%          3
 Inner Flame              Hex/Fire       57%        N/A       1%          3
 Lesser Beckoning         Tloc           53%        N/A       1%          3
 Spider Form              Tmut/Pois      53%        N/A       1%          3
 Swiftness                Air            53%        N/A       1%          3
 Tukima's Dance           Hex            53%        N/A       1%          3
 Vampiric Draining        Necr           53%        2d9       1%          3
 Airstrike                Air            26%        N/A       1%          4
 Animate Armour           Summ/Erth      100%       N/A       1%          4
 Cause Fear               Hex            26%        N/A       1%          4
 Fulminant Prism          Conj/Hex       26%        3d14      1%          4
 Hailstorm                Conj/Ice       53%        3d12      1%          4
 Ice Form                 Ice/Tmut       53%        N/A       1%          4
 Leda's Liquefaction      Hex/Erth       26%        N/A       1%          4
 Passage of Golubria      Tloc           53%        N/A       1%          4
 Petrify                  Tmut/Erth      53%        N/A       1%          4
 Summon Ice Beast         Ice/Summ       53%        N/A       1%          4
 Alistair's Intoxication  Tmut/Pois      35%        N/A       1%          5
 Blade Hands              Tmut           26%        N/A       1%          5
 Irradiate                Conj/Tmut      26%        3d22      1%          5
 Summon Forest            Summ/Tloc      26%        N/A       1%          5
 Yara's Violent Unravell  Hex/Tmut       26%        3d11      1%          5
 Starburst                Conj/Fire      28%        6d9       1%          6
 Iron Shot                Conj/Erth      26%        9d6       4%          6
 Simulacrum               Ice/Necr       26%        N/A       4%          6
 Statue Form              Tmut/Erth      35%        N/A       4%          6
 Summon Hydra             Summ           26%        N/A       22%         7
 Ignition                 Fire           30%        3d10      41%         8
 Discord                  Hex            26%        N/A       86%         8
 Maxwell's Capacitive Co  Air            26%        ∞         86%         8


Dungeon Overview and Level Annotations

Branches:
Dungeon (15/15)            Temple (1/1) D:5            Lair (6/6) D:8
 Shoals (4/4) Lair:2        Snake (4/4) Lair:3        Slime (0/5) Lair:5
    Orc (2/2) D:9             Elf (0/3) Orc:2        Vaults (4/5) D:13
  Crypt (0/3) Vaults:3     Depths (4/4) D:15          IceCv (visited)
    Zot: Depths:4

Altars:
Cheibriados
Fedhas
Gozag
Hepliaklqana
Makhleb
Qazlal
Ru
Sif Muna
Uskayaw
Vehumet
Wu Jian
Xom
Yredelemnul
The Shining One
Lugonu

Shops:
D:5 *   D:8 (   D:13 (([!   D:14 *   Orc:1 (   Orc:2 ?*[=   Shoals:1 ?
Snake:1 ?   Vaults:3 ?   Vaults:4 (

Portals:
Hell: Depths:1 Depths:2 Depths:3
Abyss: Depths:2 Depths:3
Pandemonium: Orc:2 Depths:2
Ziggurat: Depths:2
Trove: Depths:3 (give +3 gold dragon scales)

Annotations:
Lair:3 1 runed translucent door
Shoals:4 exclusion: 2 krakens
Orc:2 3 runed translucent doors, siradein's ghost, journeyman MiFi
Depths:2 2 runed translucent doors


Innate Abilities, Weirdness & Mutations

You have very sharp teeth.
Your uncanny sense of smell can sniff out nearby items.
Your experience applies equally to all skills.


Message History

Aim: a red draconian scorcher, wielding a +0 dagger and wearing a +0 cloak (heavily wounded, constricted by zombie hands, about 7% to evade the +12 demon trident "Qoce")
You reach to attack!
You puncture the red draconian scorcher!
The red draconian scorcher is severely wounded.
You are engulfed in blazing flames.
* * * LOW HITPOINT WARNING * * *
The zombie hands constrict the red draconian scorcher!
Damage: -5%(-8hp) hp: 27%(47hp) Reach: a) +12 demon trident "Qoce" {vorpal, Int+6}
Press: ? - help, Dir - move target, f/p - red draconian scorcher
Aim: a red draconian scorcher, wielding a +0 dagger and wearing a +0 cloak (severely wounded, constricted by zombie hands, about 7% to evade the +12 demon trident "Qoce")
You reach to attack!
You puncture the red draconian scorcher!
The red draconian scorcher is almost dead.
You are engulfed in blazing flames.
* * * LOW HITPOINT WARNING * * *
The zombie hands constrict the red draconian scorcher.
The red draconian scorcher casts a spell at you.
The bolt of fire misses you.
Damage: -1%(-2hp) hp: 26%(45hp)
Aiming: Charm
Press: ? - help, Shift-Dir - straight line, f/p - red draconian scorcher
Aim: a red draconian scorcher, wielding a +0 dagger and wearing a +0 cloak (almost dead, constricted by zombie hands, chance to affect: 64%)
The red draconian scorcher is charmed.
The zombie hands release their grip on your red draconian scorcher.
You are engulfed in blazing flames.
* * * LOW HITPOINT WARNING * * *
The shadow dragon bites your red draconian scorcher but does no damage.
The shadow dragon closely misses your red draconian scorcher.
The shadow dragon claws your red draconian scorcher but does no damage.
Your red draconian scorcher casts a spell at the shadow dragon.
The sphere of damnation explodes!
The damnation engulfs the shadow dragon!!
The damnation engulfs your red draconian scorcher!
Huge Dmg: -11%(-19hp) hp: 15%(26hp)
Something bites your red draconian scorcher!
Your red draconian scorcher dies!
The shadow dragon breathes negative energy at you.
The bolt of negative energy hits you!!
You feel drained.
You die...

p....#
#....##.##....#
p....#
#...##...##...#
#..##.)Dq.##..#
#..#.D#'#..#..#
#..#[##.# #..#
#..#.#∆..#.#..#
#.(#.# ..#.#..#
#..#.# D.#.#..#
#..#@# ..#.#(.#
#..#.# ..#.#).#
#..#.# #.#..#
#..#.# #.#..#
#.)#.## ##[#..#
#..#..###..#..#
#..##...).##..#
#..####+####..#
#...#.....#...#


You could see a shadow dragon (catching breath).

Vanquished Creatures
  Mara (Depths:1)
  Sojobo (Vaults:1)
  Frederick (Vaults:4)
  Vashnia (Snake:4)
  A caustic shrike (Depths:2)
  A golden dragon (Depths:4)
  4 liches
  Asterion (Vaults:1)
  2 krakens (Shoals:4)
  Gastronok (D:8)
  3 sphinxes
  A storm dragon (Depths:1)
  4 tengu reavers
  2 frost giants
  A deep elf sorcerer (Vaults:3)
  7 nagarajas
  4 fire giants
  A draconian scorcher (Depths:4)
  17 vault wardens
  An orc warlord (D:9)
  Louise (Snake:3)
  Aizul (Snake:3)
  9 very ugly things
  22 ironbound preservers
  9 stone giants
  17 dire elephants
  Nessos (Lair:5)
  11 ironbound thunderhulks
  Azrael (Snake:3)
  An entropy weaver (Vaults:2)
  A yellow draconian (Depths:3)
  A red draconian (Depths:4)
  A black draconian (Depths:4)
  A purple draconian (Depths:4)
  A minotaur (Shoals:3)
  2 white draconians
  5 ettins
  5 fire dragons
  Josephine (Lair:5)
  3 merfolk impalers
  Snorg (Lair:6)
  3 merfolk javelineers (Shoals:3)
  3 crystal guardians (Vaults:2)
  3 jiangshi (D:15)
  7 great orbs of eyes
  A rakshasa (Depths:1)
  4 boulder beetles
  7 yaktaur captains
  8 vault guards
  16 naga warriors
  3 peacekeepers
  A salamander tyrant (Snake:4)
  2 ogre magi
  2 demonspawn (Orc:2)
  2 merfolk avatars
  2 spriggan air magi (Depths:2)
  7 ice dragons
  7 hydras
  14 anacondas
  A catoblepas (Lair:2)
  3 alligator snapping turtles
  7 ironbound frosthearts
  2 merfolk aquamancers (Shoals:4)
  3 satyrs
  11 centaur warriors
  Erica (Lair:2)
  2 vampire magi
  10 two-headed ogres
  7 death yaks
  6 orc high priests (Orc:2)
  17 naga sharpshooters
  9 shock serpents
  Urug (D:11)
  A deep troll earth mage (Depths:4)
  4 hell knights (Depths:2)
  2 spriggan berserkers
  Sonja (Lair:1)
  4 salamander mystics
  An iron troll (Depths:1)
  A titan skeleton (Depths:2)
  10 skeletal warriors
  41 deep trolls
  13 sea snakes
  A sixfirhy (Orc:2)
  6 naga ritualists
  A flayed ghost (D:15)
  6 glowing orange brains
  16 ironbound convokers
  5 orc knights
  8 lindwurms
  2 deep elf pyromancers
  4 phantasmal warriors
  Pikel (D:3)
  2 necromancers (Depths:2)
  A golden dragon skeleton (Depths:2)
  22 harpies
  A harpy (shapeshifter) (D:14)
  A shadow dragon zombie (Depths:2)
  14 wizards
  An oklob plant (Lair:4)
  13 fauns
  6 mana vipers
  7 cyclopes
  7 orc sorcerers
  36 ugly things
  A manticore (shapeshifter) (Depths:2)
  18 salamanders
  14 manticores
  2 ice statues (IceCv)
  32 elephants
  15 cane toads
  30 black mambas
  19 naga magi
  24 vault sentinels
  9 guardian serpents
  3 merfolk sirens
  A gargoyle (D:13)
  6 water nymphs
  4 torpor snails
  6 kobold demonologists
  2 tengu conjurers
  4 rime drakes
  An efreet (D:15)
  28 yaktaurs
  4 guardian mummies (Depths:1)
  5 komodo dragons
  2 ice devils (Lair:4)
  24 merfolk
  9 trolls
  13 polar bears
  3 meliai (Shoals:3)
  9 wind drakes
  9 blink frogs
  5 hornets (Lair:6)
  A wolf spider simulacrum (D:14)
  35 slime creatures
  8 dream sheep
  14 snapping turtles
  A centaur simulacrum (D:13)
  A fire giant simulacrum (Depths:2)
  A tarantella (Vaults:2)
  4 shadows
  7 wraiths
  13 spriggans (Lair:6)
  5 water elementals
  A redback (Vaults:2)
  7 fire elementals
  8 basilisks
  7 wyverns
  23 yaks
  3 vampires (Vaults:3)
  58 nagas
  A vampire mosquito (D:13)
  2 wargs
  10 water moccasins
  4 hell hounds
  An acid dragon (D:9)
  3 ice beasts
  A hornet zombie (D:7)
  A necrophage (D:6)
  4 black bears
  32 orc warriors
  14 ogres
  24 wolves
  7 centaurs
  9 boggarts
  A phantom (D:2)
  4 lemures (D:4)
  7 kobold brigands
  18 bullfrogs
  An earth elemental (D:12)
  2 scorpions
  A wyvern skeleton (D:6)
  4 killer bees (D:9)
  4 wights (D:9)
  4 lindwurm simulacra (IceCv)
  8 electric eels
  A howler monkey (D:10)
  4 crimson imps (D:7)
  A bullfrog zombie (D:7)
  A lava snake (Lair:2)
  5 komodo dragon simulacra (IceCv)
  A hound (shapeshifter) (Vaults:1)
  5 jellies
  21 orc priests
  3 hounds
  2 centaur skeletons (D:6)
  3 iguanas
  Terence (D:3)
  Crazy Yiuf (D:7)
  8 orc wizards
  4 mummies (Depths:1)
  Robin (D:1)
  5 acid dragon simulacra (IceCv)
  6 adders
  3 white imps
  2 ufetubi
  7 steam dragon simulacra (IceCv)
  2 adder skeletons (D:4)
  3 worms
  A dart slug (D:3)
  74 orcs
  8 ball pythons
  5 bats (D:1)
  9 endoplasms
  2 giant cockroaches
  11 goblins
  9 hobgoblins
  13 jackals
  A jackal (shapeshifter) (Vaults:1)
  20 kobolds
  5 quokkas
  5 frilled lizards
  4 rats
  11 tentacles (Shoals:4)
1495 creatures vanquished.

Vanquished Creatures (collateral kills)
  An ironbound frostheart (Vaults:2)
  A spriggan berserker (Depths:2)
  A skeletal warrior (D:14)
  2 vault sentinels (Vaults:2)
  A rime drake (IceCv)
6 creatures vanquished.

Vanquished Creatures (others)
  Donald (Shoals:4)
  A vault warden (Vaults:2)
  A draconian scorcher (Depths:4)
  An ironbound preserver (Vaults:1)
  A vampire knight (Depths:2)
  A merfolk impaler (Shoals:4)
  A merfolk javelineer (Shoals:4)
  A centaur warrior (Vaults:3)
  2 merfolk aquamancers (Shoals:4)
  A hell knight (Depths:2)
  A deep troll (Vaults:1)
  A sea snake (Shoals:4)
  2 wizards (Vaults:1)
  A merfolk siren (Shoals:4)
  A vault sentinel (Vaults:1)
  A black mamba (Snake:3)
  A rime drake (IceCv)
  4 yaktaurs
  A tengu conjurer (D:15)
  5 merfolk (Shoals:4)
  3 slime creatures
  An air elemental (D:12)
  A water elemental (D:12)
  A centaur (D:9)
  60 fungi
  277 plants
  12 tentacles (Shoals:4)
  11 toadstools (Lair:3)
395 creatures vanquished.

Grand Total: 1896 creatures vanquished

Notes
Turn   | Place    | Note
-------+----------+-------------------------------------------
     0 | D:1      | Reached skill level 9 in Spellcasting
     0 | D:1      | RepHenryClay the Gnoll Wanderer began the quest for the
                  | Orb.
     0 | D:1      | RepHenryClay set off with the following items: a +1 mace, a
                  | +0 leather armour; and the following spells available to
                  | memorise: Beastly Appendage, Sting, Stone Arrow, Swiftness
     0 | D:1      | Reached XP level 1. HP: 20/20 MP: 10/10
     2 | D:1      | Learned a level 1 spell: Sting
   548 | D:1      | Reached XP level 2. HP: 26/26 MP: 12/12
   922 | D:1      | Found a faded altar of an unknown god.
   951 | D:1      | Reached XP level 3. HP: 31/31 MP: 13/13
  1178 | D:2      | Noticed Robin
  1189 | D:1      | Reached skill level 1 in Invocations
  1215 | D:1      | Killed Robin
  1539 | D:2      | Reached skill level 1 in Short Blades
  1539 | D:2      | Reached skill level 1 in Long Blades
  1539 | D:2      | Reached skill level 1 in Axes
  1539 | D:2      | Reached skill level 1 in Polearms
  1539 | D:2      | Reached skill level 1 in Staves
  1539 | D:2      | Reached skill level 1 in Slings
  1539 | D:2      | Reached skill level 1 in Bows
  1539 | D:2      | Reached skill level 1 in Crossbows
  1539 | D:2      | Reached skill level 1 in Throwing
  1539 | D:2      | Reached skill level 1 in Armour
  1539 | D:2      | Reached skill level 1 in Dodging
  1539 | D:2      | Reached skill level 1 in Stealth
  1539 | D:2      | Reached skill level 1 in Shields
  1539 | D:2      | Reached skill level 1 in Unarmed Combat
  1539 | D:2      | Reached skill level 1 in Evocations
  1572 | D:2      | Reached XP level 4. HP: 32/38 MP: 15/15
  1611 | D:2      | Noticed a phantom
  1629 | D:2      | Killed a phantom
  1630 | D:2      | Reached skill level 1 in Conjurations
  1630 | D:2      | Reached skill level 1 in Hexes
  1630 | D:2      | Reached skill level 1 in Summonings
  1630 | D:2      | Reached skill level 1 in Necromancy
  1630 | D:2      | Reached skill level 1 in Translocations
  1630 | D:2      | Reached skill level 1 in Transmutations
  1630 | D:2      | Reached skill level 1 in Fire Magic
  1630 | D:2      | Reached skill level 1 in Ice Magic
  1630 | D:2      | Reached skill level 1 in Air Magic
  1630 | D:2      | Reached skill level 1 in Earth Magic
  1630 | D:2      | Reached skill level 1 in Poison Magic
  1630 | D:2      | Reached XP level 5. HP: 24/43 MP: 16/16
  2876 | D:3      | Noticed Terence
  2885 | D:3      | Killed Terence
  3355 | D:4      | Noticed a lemure
  3357 | D:4      | Noticed Pikel
  3365 | D:4      | Noticed a lemure
  3366 | D:4      | Noticed a lemure
  3367 | D:4      | Noticed a lemure
  3370 | D:4      | Killed a lemure
  3602 | D:4      | Reached XP level 6. HP: 49/50 MP: 18/18
  3643 | D:4      | Found an opulent altar of Gozag.
  4061 | D:4      | Identified the +6 rapier "Seobanuy" {flame, rF+ Int+5}
  4066 | D:4      | Noticed an ice beast
  4075 | D:4      | Killed an ice beast
  4076 | D:4      | Reached skill level 5 in Fighting
  4556 | D:5      | Entered Level 5 of the Dungeon
  4725 | D:5      | Reached XP level 7. HP: 51/56 MP: 20/20
  4872 | D:5      | Found a staircase to the Ecumenical Temple.
  4884 | Temple   | Entered the Ecumenical Temple
  4890 | Temple   | Became a worshipper of Makhleb the Destroyer
  4938 | D:5      | Found Wijub's Assorted Antiques.
  5815 | D:6      | Reached XP level 8. HP: 63/63 MP: 21/21
  6029 | D:6      | Noticed a wyvern
  6037 | D:6      | Killed a wyvern
  6458 | D:6      | Reached * piety under Makhleb
  6623 | D:6      | Reached skill level 10 in Spellcasting
  6804 | D:6      | Learned a level 3 spell: Stone Arrow
  7041 | D:7      | Reached XP level 9. HP: 65/69 MP: 23/23
  7228 | D:7      | Found a sacrificial altar of Ru.
  7575 | D:7      | Found a shimmering altar of Xom.
  8058 | D:8      | Noticed Gastronok
  8212 | D:3      | Killed Pikel
  8464 | D:8      | Reached skill level 5 in Invocations
  8659 | D:8      | Reached XP level 10. HP: 66/77 MP: 24/24
  8745 | D:8      | Identified a scroll of acquirement
  8748 | D:8      | Acquired the +6 broad axe "Nuplakh" {vorpal, rElec rC+
                  | Int+3}
  8910 | D:8      | Noticed a two-headed ogre
  8917 | D:8      | Killed a two-headed ogre
  8918 | D:8      | Reached skill level 5 in Short Blades
  8918 | D:8      | Reached skill level 5 in Long Blades
  8918 | D:8      | Reached skill level 5 in Axes
  8918 | D:8      | Reached skill level 5 in Polearms
  8918 | D:8      | Reached skill level 5 in Staves
  8918 | D:8      | Reached skill level 5 in Slings
  8918 | D:8      | Reached skill level 5 in Bows
  8918 | D:8      | Reached skill level 5 in Crossbows
  8918 | D:8      | Reached skill level 5 in Throwing
  8918 | D:8      | Reached skill level 5 in Armour
  8918 | D:8      | Reached skill level 5 in Dodging
  8918 | D:8      | Reached skill level 5 in Stealth
  8918 | D:8      | Reached skill level 5 in Shields
  8918 | D:8      | Reached skill level 5 in Unarmed Combat
  8918 | D:8      | Reached skill level 5 in Evocations
  8979 | D:8      | Killed Gastronok
  9260 | D:8      | Found Eteal's Antique Weapon Emporium.
  9343 | D:8      | Found a basalt altar of Yredelemnul.
  9375 | D:8      | Found a staircase to the Lair.
  9537 | D:8      | Bought a brightly glowing demon trident for 420 gold pieces
  9537 | D:8      | Identified the +12 demon trident "Qoce" {vorpal, Int+6}
                  | (You bought it in a shop on level 8 of the Dungeon)
 10163 | D:9      | Reached ** piety under Makhleb
 10444 | D:9      | Found a staircase to the Orcish Mines.
 10543 | D:10     | Entered Level 10 of the Dungeon
 10687 | D:10     | Noticed a kobold demonologist
 10687 | D:10     | Noticed a kobold demonologist
 10698 | D:10     | Killed a kobold demonologist
 10704 | D:10     | Killed a kobold demonologist
 10705 | D:10     | Reached skill level 11 in Spellcasting
 10705 | D:10     | Reached XP level 11. HP: 84/84 MP: 24/26
 10852 | D:10     | Noticed a two-headed ogre
 10872 | D:10     | Killed a two-headed ogre
 10873 | D:10     | Reached skill level 5 in Conjurations
 10873 | D:10     | Reached skill level 5 in Hexes
 10873 | D:10     | Reached skill level 5 in Summonings
 10873 | D:10     | Reached skill level 5 in Necromancy
 10873 | D:10     | Reached skill level 5 in Translocations
 10873 | D:10     | Reached skill level 5 in Transmutations
 10873 | D:10     | Reached skill level 5 in Fire Magic
 10873 | D:10     | Reached skill level 5 in Ice Magic
 10873 | D:10     | Reached skill level 5 in Air Magic
 10873 | D:10     | Reached skill level 5 in Earth Magic
 10873 | D:10     | Reached skill level 5 in Poison Magic
 11090 | D:10     | Found a hazy altar of Hepliaklqana.
 11147 | D:10     | Found an ornate altar of the Wu Jian Council.
 11363 | D:11     | Noticed a two-headed ogre
 11369 | D:10     | Killed a two-headed ogre
 11505 | D:11     | Noticed a two-headed ogre
 11519 | D:10     | Killed a two-headed ogre
 11572 | D:11     | Noticed a manticore
 11582 | D:11     | Killed a manticore
 11640 | D:11     | Identified the +6 trident of Midwinter {vorpal, rPois rF-
                  | Dex+2}
 11765 | D:11     | Noticed a two-headed ogre
 11772 | D:11     | Killed a two-headed ogre
 11857 | D:11     | Reached *** piety under Makhleb
 12016 | D:11     | Noticed a two-headed ogre
 12027 | D:11     | Killed a two-headed ogre
 12355 | D:11     | Noticed Urug
 12388 | D:11     | Killed Urug
 12822 | Lair:1   | Entered Level 1 of the Lair of Beasts
 12998 | Lair:1   | Noticed a five-headed hydra
 13048 | Lair:1   | Reached XP level 12. HP: 94/94 MP: 27/27
 13156 | Lair:1   | Found a shimmering blue altar of Sif Muna.
 13338 | Lair:1   | Noticed Sonja
 13351 | Lair:1   | Killed Sonja
 13567 | Lair:1   | Noticed a five-headed hydra
 13571 | Lair:1   | Killed a five-headed hydra
 13782 | Lair:1   | Killed a five-headed hydra
 14194 | Lair:2   | Reached skill level 10 in Maces & Flails
 14282 | Lair:2   | Noticed an eight-headed hydra
 14291 | Lair:2   | Killed an eight-headed hydra
 14349 | Lair:2   | Noticed Erica
 14357 | Lair:2   | Killed Erica
 14496 | Lair:2   | Reached **** piety under Makhleb
 14647 | Lair:2   | Reached skill level 12 in Spellcasting
 14720 | Lair:2   | Found a staircase to the Shoals.
 15039 | Lair:2   | Identified the +1 ring mail of Siklec {rElec rC+ Str+5
                  | Dex-2}
 15051 | Lair:2   | Noticed a boulder beetle
 15051 | Lair:2   | Noticed a catoblepas
 15064 | Lair:2   | Killed a catoblepas
 15065 | Lair:2   | Reached XP level 13. HP: 101/101 MP: 29/29
 15335 | Lair:3   | Found a staircase to the Snake Pit.
 15818 | Lair:3   | You fall into a shaft and drop 3 floors!
 15818 | Lair:6   | Entered Level 6 of the Lair of Beasts
 15929 | Lair:6   | Identified the -1 pair of gloves of the Dungeon {+Blink
                  | rPois rF- Int+2}
 16178 | Lair:6   | Noticed Snorg
 16223 | Lair:6   | Killed Snorg
 16518 | Lair:5   | Found a staircase to the Slime Pits.
 16697 | Lair:4   | Reached ***** piety under Makhleb
 16940 | Lair:4   | Found a frozen archway.
 17189 | IceCv    | Entered an ice cave
 18233 | IceCv    | Noticed an ice dragon
 18249 | IceCv    | Killed an ice dragon
 18252 | IceCv    | Reached skill level 10 in Fighting
 18252 | IceCv    | Reached XP level 14. HP: 75/110 MP: 30/30
 19448 | Lair:3   | Found a runed translucent door.
 19583 | Lair:3   | Reached skill level 10 in Invocations
 20495 | Lair:5   | Noticed Nessos
 20505 | Lair:5   | Killed Nessos
 21202 | Lair:6   | Reached skill level 13 in Spellcasting
 21690 | Lair:6   | Learned a level 3 spell: Mephitic Cloud
 22194 | Lair:6   | Noticed Josephine
 22277 | Lair:5   | Reached ****** piety under Makhleb
 22382 | Lair:5   | Killed Josephine
 22478 | Lair:5   | Reached XP level 15. HP: 32/117 MP: 29/32
 23664 | D:7      | Found a shimmering altar of Xom.
 23983 | D:7      | Found a runed translucent door.
 23984 | D:7      | Noticed Crazy Yiuf
 24036 | D:7      | Killed Crazy Yiuf
 24194 | Orc:1    | Entered Level 1 of the Orcish Mines
 24318 | Orc:1    | Found Cuafou's Firing Range.
 24334 | Orc:1    | Noticed an orc warlord
 24651 | D:9      | Killed an orc warlord
 25736 | Orc:2    | Entered Level 2 of the Orcish Mines
 25877 | Orc:2    | Found a runed translucent gate.
 25878 | Orc:2    | Found a runed translucent gate.
 25879 | Orc:2    | Found a runed translucent gate.
 25880 | Orc:2    | Noticed siradein's ghost (journeyman MiFi)
 25884 | Orc:2    | Noticed an orc warlord
 25905 | Orc:2    | Found a staircase to the Elven Halls.
 26091 | Orc:2    | Reached skill level 10 in Short Blades
 26091 | Orc:2    | Reached skill level 10 in Long Blades
 26091 | Orc:2    | Reached skill level 10 in Axes
 26091 | Orc:2    | Reached skill level 10 in Polearms
 26091 | Orc:2    | Reached skill level 10 in Staves
 26091 | Orc:2    | Reached skill level 10 in Slings
 26091 | Orc:2    | Reached skill level 10 in Bows
 26091 | Orc:2    | Reached skill level 10 in Crossbows
 26091 | Orc:2    | Reached skill level 10 in Throwing
 26091 | Orc:2    | Reached skill level 10 in Armour
 26091 | Orc:2    | Reached skill level 10 in Dodging
 26091 | Orc:2    | Reached skill level 10 in Stealth
 26091 | Orc:2    | Reached skill level 10 in Shields
 26091 | Orc:2    | Reached skill level 10 in Unarmed Combat
 26091 | Orc:2    | Reached skill level 10 in Evocations
 26541 | Orc:2    | Found Zinar's General Store.
 26544 | Orc:2    | Found Atuseluf's Magic Scroll Shop.
 26655 | Orc:2    | Bought a scroll of fog for 22 gold pieces
 26657 | Orc:2    | Bought a +0 cloak of poison resistance for 136 gold pieces
 26657 | Orc:2    | Bought a potion of heal wounds for 80 gold pieces
 27465 | Orc:2    | Found Tannuoc's Antique Armour Shoppe.
 27465 | Orc:2    | Found Tiaprityco's Jewellery Emporium.
 27466 | Orc:2    | Found a one-way gate leading to the halls of Pandemonium.
 27472 | Orc:2    | Bought a glowing hat for 217 gold pieces
 27472 | Orc:2    | Bought a glowing hat for 217 gold pieces
 27479 | Orc:2    | Bought an amulet of regeneration for 510 gold pieces
 28187 | D:12     | Identified the ring of Nakae {rElec Int-4 Dex+5 SInv}
 28438 | D:12     | Found a large runed translucent door.
 28439 | D:12     | Found a large runed translucent door.
 28907 | D:13     | Found Kexemets's Distillery.
 28911 | D:13     | Bought a potion of might for 52 gold pieces
 28911 | D:13     | Bought a potion of resistance for 130 gold pieces
 28911 | D:13     | Bought a potion of heal wounds for 65 gold pieces
 28911 | D:13     | Bought a potion of heal wounds for 65 gold pieces
 28941 | D:13     | Found Ruuj Zoduy's Antique Weapon Shop.
 29071 | D:13     | Found Guocas's Weapon Boutique.
 29086 | D:13     | Found Xuuss's Armour Shop.
 29158 | D:13     | You fall into a shaft and drop 2 floors!
 29158 | D:15     | Entered Level 15 of the Dungeon
 29871 | D:15     | Reached XP level 16. HP: 78/126 MP: 26/33
 30071 | D:15     | Found a glowing golden altar of the Shining One.
 30228 | D:15     | Found a staircase to the Depths.
 30940 | D:14     | Reached skill level 10 in Fire Magic
 31150 | D:14     | Reached skill level 14 in Spellcasting
 31195 | D:14     | HP: 6/127 [skeletal warrior[a skeletal warrior] (17)]
 31568 | D:14     | Found Ozirphack's General Store.
 31576 | D:14     | Bought a scroll of identify for 22 gold pieces
 31630 | D:14     | Found a blossoming altar of Fedhas.
 32016 | D:13     | Found a gate to the Vaults.
 32599 | Orc:2    | Bought a glowing scale mail for 217 gold pieces
 32871 | D:5      | Bought a scroll of teleportation for 48 gold pieces
 32871 | D:5      | Upgraded the game from 0.28-a0-1199-gef9e1dbd39 to
                  | 0.28-a0-1227-ga9037bb4c8
 33021 | Shoals:1 | Entered Level 1 of the Shoals
 33323 | Shoals:1 | Found Kun Vipn's Magic Scroll Shop.
 33345 | Shoals:1 | Bought a scroll of fear for 42 gold pieces
 33345 | Shoals:1 | Bought a scroll of fear for 42 gold pieces
 34759 | Shoals:1 | Bought a scroll of acquirement for 624 gold pieces
 34765 | Shoals:1 | Acquired a +1 pair of boots of stealth
 36554 | Shoals:3 | Reached XP level 17. HP: 93/133 MP: 35/35
 37354 | Shoals:3 | Found a hide-covered altar of Uskayaw.
 39219 | Shoals:4 | Entered Level 4 of the Shoals
 39380 | Snake:1  | Entered Level 1 of the Snake Pit
 39817 | Snake:1  | Identified the +0 ring mail "Naopocur" {Int+3 Dex+2}
 41096 | Snake:1  | Found Uriowupa's Magic Scroll Emporium.
 41105 | Snake:1  | Bought a scroll of teleportation for 33 gold pieces
 41105 | Snake:1  | Bought a scroll of teleportation for 33 gold pieces
 41279 | Snake:2  | Found a flickering gateway to a bazaar.
 41299 | Bazaar   | Entered a bazaar
 41299 | Bazaar   | Found Fibewkae's Armour Boutique.
 41299 | Bazaar   | Found Zauvviuwn's Jewellery Shoppe.
 41299 | Bazaar   | Found Laxoimit's Book Shop.
 41299 | Bazaar   | Found Ygoer's Armour Shoppe.
 41302 | Bazaar   | Found Fieto's Antique Armour Shop.
 41362 | Bazaar   | Bought a +2 pair of boots of flying for 236 gold pieces
 41388 | Snake:2  | Reached skill level 10 in Conjurations
 41388 | Snake:2  | Reached skill level 10 in Hexes
 41388 | Snake:2  | Reached skill level 10 in Summonings
 41388 | Snake:2  | Reached skill level 10 in Necromancy
 41388 | Snake:2  | Reached skill level 10 in Translocations
 41388 | Snake:2  | Reached skill level 10 in Transmutations
 41388 | Snake:2  | Reached skill level 10 in Ice Magic
 41388 | Snake:2  | Reached skill level 10 in Air Magic
 41388 | Snake:2  | Reached skill level 10 in Earth Magic
 41388 | Snake:2  | Reached skill level 10 in Poison Magic
 41519 | Snake:2  | Learned a level 6 spell: Eringya's Noxious Bog
 41525 | Snake:2  | Learned a level 5 spell: Borgnjor's Vile Clutch
 44256 | Snake:3  | Noticed Louise
 44271 | Snake:3  | Killed Louise
 44485 | Snake:3  | Noticed Azrael
 44801 | Snake:3  | Reached XP level 18. HP: 133/142 MP: 31/36
 44864 | Snake:3  | Reached skill level 15 in Spellcasting
 45017 | Snake:3  | Killed Azrael
 45569 | Snake:4  | Entered Level 4 of the Snake Pit
 45580 | Snake:4  | Noticed Aizul
 45602 | Snake:3  | Killed Aizul
 45882 | Orc:2    | Bought a scroll of summoning for 104 gold pieces
 45882 | Orc:2    | Bought a scroll of magic mapping for 38 gold pieces
 50454 | Snake:4  | Noticed Vashnia
 50509 | Snake:4  | Killed Vashnia
 50510 | Snake:4  | Reached XP level 19. HP: 150/150 MP: 29/38
 50604 | Snake:4  | Got a serpentine rune of Zot
 50807 | Shoals:4 | Noticed Donald
 50824 | Shoals:4 | Killed Donald
 52766 | Shoals:4 | Got a barnacled rune of Zot
 53518 | Shoals:4 | Got the Catalogue of Poison
 54066 | Vaults:1 | Entered Level 1 of the Vaults
 54598 | Vaults:1 | Noticed Asterion
 55304 | Vaults:1 | Killed Asterion
 56091 | Vaults:1 | Reached skill level 16 in Spellcasting
 56146 | Vaults:1 | Reached XP level 20. HP: 98/159 MP: 1/40
 57215 | Vaults:2 | Noticed Sojobo
 57351 | Vaults:2 | Found a flickering gateway to a bazaar.
 57357 | Bazaar   | Entered a bazaar
 57648 | Bazaar   | Found Yruahy's Armour Shoppe.
 57649 | Bazaar   | Found Seekka's Antique Weapon Shoppe.
 57694 | Bazaar   | Found Poti's Distillery.
 57694 | Bazaar   | Found Qiataol's General Store.
 57728 | Bazaar   | Bought a potion of cancellation for 80 gold pieces
 57728 | Bazaar   | Bought a potion of might for 40 gold pieces
 57800 | Vaults:2 | Reached skill level 15 in Maces & Flails
 59068 | Vaults:2 | Learned a level 5 spell: Fireball
 59074 | Vaults:2 | Learned a level 5 spell: Lee's Rapid Deconstruction
 59080 | Vaults:2 | Learned a level 5 spell: Lightning Bolt
 59086 | Vaults:2 | Learned a level 5 spell: Manifold Assault
 59142 | Vaults:2 | Identified the ring of Yendor {rCorr Str+3 Stlth+}
 59143 | Vaults:2 | Paralysed by an air elemental for 1 turns
 59935 | Vaults:1 | Paralysed by an air elemental for 1 turns
 59943 | Vaults:1 | Paralysed by an air elemental for 1 turns
 59947 | Vaults:1 | Killed Sojobo
 59948 | Vaults:1 | Reached skill level 15 in Invocations
 62777 | Vaults:3 | Reached XP level 21. HP: 167/167 MP: 34/41
 63292 | Vaults:3 | Found Keleroul's Magic Scroll Shoppe.
 63431 | Vaults:3 | Bought a scroll of blinking for 105 gold pieces
 63431 | Vaults:3 | Bought a scroll of magic mapping for 49 gold pieces
 63526 | Vaults:3 | Reached skill level 15 in Fire Magic
 63700 | Vaults:3 | Found a staircase to the Crypt.
 63744 | Vaults:3 | Reached skill level 15 in Fighting
 64164 | Vaults:4 | Found Ridariza's Antique Weapon Shoppe.
 64175 | Vaults:4 | Noticed Frederick
 64208 | Vaults:4 | Killed Frederick
 66735 | Vaults:4 | Reached skill level 17 in Spellcasting
 67620 | Depths:1 | Entered Level 1 of the Depths
 69138 | Depths:1 | Identified the +11 whip of Luxury {protect, rElec rN+ Will-
                  | Int+2}
 69436 | Depths:1 | Noticed Mara
 69444 | Depths:1 | Noticed RepHenryClay's illusion
 69607 | Depths:1 | Killed Mara
 69608 | Depths:1 | Reached XP level 22. HP: 176/176 MP: 34/43
 69661 | Depths:1 | Found a gateway to Hell.
 70931 | Depths:2 | Found a one-way gateway to a ziggurat.
 71031 | Depths:2 | Found a corrupted altar of Lugonu.
 71033 | Depths:2 | Found a one-way gate to the infinite horrors of the Abyss.
 71135 | Depths:2 | Noticed a caustic shrike
 71145 | Depths:2 | Killed a caustic shrike
 71175 | Depths:2 | Reached skill level 15 in Short Blades
 71175 | Depths:2 | Reached skill level 15 in Long Blades
 71175 | Depths:2 | Reached skill level 15 in Axes
 71175 | Depths:2 | Reached skill level 15 in Polearms
 71175 | Depths:2 | Reached skill level 15 in Staves
 71175 | Depths:2 | Reached skill level 15 in Slings
 71175 | Depths:2 | Reached skill level 15 in Bows
 71175 | Depths:2 | Reached skill level 15 in Crossbows
 71175 | Depths:2 | Reached skill level 15 in Throwing
 71175 | Depths:2 | Reached skill level 15 in Armour
 71175 | Depths:2 | Reached skill level 15 in Dodging
 71175 | Depths:2 | Reached skill level 15 in Stealth
 71175 | Depths:2 | Reached skill level 15 in Shields
 71175 | Depths:2 | Reached skill level 15 in Unarmed Combat
 71175 | Depths:2 | Reached skill level 15 in Evocations
 71198 | Depths:2 | Paralysed by a vampire knight for 2 turns
 71389 | Depths:2 | Found a runed translucent door.
 71390 | Depths:2 | Found a runed translucent door.
 72246 | Depths:3 | Found a portal to a secret trove of treasure.
 72284 | Depths:3 | Identified the +11 dagger "Sotuosiu" {protect, Will+}
 72887 | Depths:4 | Entered Level 4 of the Depths
 72887 | Depths:4 | Noticed a juggernaut
 73354 | Depths:4 | Noticed a golden dragon
 73381 | Depths:4 | Killed a golden dragon
 73634 | Depths:4 | Killed from afar by a shadow dragon

Illustrated notes

Levels and vault maps discovered:
D:1:      roderic_octagonal_star, layout_basic, basic_ecumenical_altar,
          wander_ebering_terrifying_dragon_lair
D:2:      layout_loops_ring, grunt_decor_mini_mirrors, uniq_robin
D:3:      layout_basic, minmay_diced_spiral, uniq_terence
D:4:      layout_basic, mainiacjoe_overflow_boulevard,
          kennysheep_generic_room_3, uniq_pikel
D:5:      layout_basic, minmay_temple_entry_trees, serial_shops,
          nicolae_shop_waterfront
D:6:      layout_basic, grunt_ministairs_11, chequers_big_river, hex_large
D:7:      layout_loops_ring, mainiacjoe_overflow_alcove_1, led_xom_imps,
          uniq_crazy_yiuf_cottage
D:8:      layout_rooms, nicolae_overflow_hidden_temple, lair_entry_dummy,
          serial_shops, shop, uniq_gastronok
D:9:      layout_basic, hiddenorc1_lemuel, lemuel_flamethrower_2
D:10:     layout_roguey, nzn_wu_jian_contemplation,
          nicolae_hepliaklqana_hippocampus
D:11:     layout_long_grid, kennysheep_generic_room_4, uniq_urug
D:12:     layout_basic, lightli_elemental_guards
D:13:     layout_rooms, david_vaults_5, serial_shops, nicolae_square_shop,
          nicolae_shop_hallway_stairs, nicolae_stop_n_shop_2,
          nicolae_shop_hallway_stairs
D:14:     layout_roguey, serial_shops, shop, minmay_misc_feat_pillars,
          fedhas_altar_fruit_tree
D:15:     hangedman_depths_entry_try_elsewhere_first, layout_loops_corners,
          tso_metal_star
Temple:   eino_temple_rhombus
Lair:1:   layout_concentric_octagons, basic_altar, grunt_megastairs_5,
          serial_bayou_shore_a, uniq_sonja
Lair:2:   layout_gridlike, elwin_shoals_entry_rocks, minmay_shattered_shrine,
          uniq_erica
Lair:3:   gammafunk_lair_enchanted_lake, layout_cave_pods,
          guppyfry_snake_entry_island, cheibrodos_lair_lostbears
Lair:4:   layout_roguey, portal_ice_cave_demonic_guard, grunt_megastairs_2
Lair:5:   layout_gridlike, minmay_slime_entry_pillars, uniq_nessos
Lair:6:   minmay_lair_end_enchanted_forest, layout_long_grid,
          grunt_megastairs_4, uniq_snorg, uniq_josephine
Shoals:1: layout_shoals, serial_shops, shop
Shoals:2: layout_shoals
Shoals:3: layout_shoals, regret_index_shoals_crete
Shoals:4: shoals_end_simple, layout_shoals, nicolae_shoals_kraken_party,
          uniq_donald
Snake:1:  layout_honeycomb, serial_shops, shop,
          nicolae_snake_snakes_in_the_grass
Snake:2:  layout_chambers, serial_shops, bzr_entry_water
Snake:3:  layout_chambers, nicolae_snake_salamander_jacuzzi, uniq_azrael,
          uniq_louise
Snake:4:  grunt_snake_rune_serpentine_throne, layout_onion, uniq_aizul
Orc:1:    layout_diamond_mine, nicolae_shop_firing_range
Orc:2:    pf_orc_diabolical, layout_caves, gammafunk_ghost_split
Vaults:1: dpeg_vaults_monster_row, st_diamondy, nicolae_vaults_shelves_hall,
          v_pattern_2, v_misc_25, hangedman_vaults_stagger,
          nicolae_vaults_little_squares_4, nicolae_vaults_arrows,
          vaults_room_grunt_arrival_ludios, ontoclasm_vaults_pinch,
          hangedman_vaults_corner, nicolae_vaults_rhombus_5,
          nicolae_vaults_little_squares_2, ontoclasm_vaults_gateway,
          nicolae_vaults_little_squares_3, layout_vaults_omnibox, serial_shops,
          uniq_asterion
Vaults:2: vaults_dpeg_doors, nicolae_vaults_c_with_doors,
          nicolae_vaults_network_barrier, hangedman_vaults_cutoff, v_misc_30,
          vaults_mumra_hex, vaults_room_pool, ontoclasm_vaults_chip,
          vaults_room_door_hall, vaults_room_pools, layout_vaults_big_room,
          serial_shops, bzr_in_the_mist, uniq_sojobo
Vaults:3: st_lines, ontoclasm_vaults_decontamination,
          grunt_vaults_hallway_short, vaults_room_corners,
          minmay_crypt_entry_vampire_xt, v_misc_18, vaults_room_door_ring,
          v_misc_8, v_alt_pattern_5, hangedman_vaults_corner_blocks, v_misc_5,
          ontoclasm_vaults_claustrophobia, hangedman_vaults_pinch,
          nicolae_vaults_yaktaur_gun_rack, layout_vaults_omnicross,
          serial_shops, shop
Vaults:4: dpeg_vaults_monster_box, nicolae_vaults_theta, st_spiral_rooms,
          ontoclasm_vaults_fault, vaults_mumra_minichess, vaults_room_pool,
          nicolae_vaults_border_crossing, nicolae_vaults_theta,
          layout_vaults_quadrants, serial_shops, shop, uniq_frederick
Depths:1: nzn_winding_woodlands_small [nzn_winding_woodlands_5x15_parted,
          nzn_winding_woodlands_center_diamonds,
          nzn_winding_woodlands_5x15_lazy_stream], layout_small_grid,
          abandoned_shop, grunt_hell_entry_dis_mu, minmay_stone_trees_small,
          hangedman_decor_slide_cut, minmay_guarded_unrand_curses, uniq_mara
Depths:2: minmay_the_grid_four_pointed_star
          [minmay_the_grid_triangle_9x9_flanged_cone,
          minmay_the_grid_triangle_9x9_impossible_snake,
          minmay_the_grid_triangle_9x9_tough_junction,
          minmay_the_grid_triangle_9x9_cache,
          minmay_the_grid_prize_shrinking_boxes], layout_gridville,
          enter_ziggurat_a, hell_entry, pan_entry, abyss_entry_flame_altar,
          kennysheep_boxes
Depths:3: cheibrodos_lost_city_excavation, layout_cave_shapes, hell_entry,
          enter_trove_6, grunt_decor_arrowhead, abyss_entry
Depths:4: grunt_zot_entry_hairpin, layout_twisted_cross, hellmouth_3,
          minmay_misc_feat_rows

Skill      XL: |  1  2  3  4  5  6  7  8  9 10 11 12 13 14 15 16 17 18 19 20 21 22 |
---------------+-------------------------------------------------------------------+-----
Spellcasting   | 10 11 12 13 14 15 16 17 | 17.5
Invocations    | 1 2 3 4 5 6 7 8 9 10 11 12 13 14 15 16 | 16.5
Short Blades   | 1 2 3 4 5 6 7 8 9 10 11 12 13 14 15 | 15.2
Long Blades    | 1 2 3 4 5 6 7 8 9 10 11 12 13 14 15 | 15.2
Axes           | 1 2 3 4 5 6 7 8 9 10 11 12 13 14 15 | 15.2
Polearms       | 1 2 3 4 5 6 7 8 9 10 11 12 13 14 15 | 15.2
Staves         | 1 2 3 4 5 6 7 8 9 10 11 12 13 14 15 | 15.2
Slings         | 1 2 3 4 5 6 7 8 9 10 11 12 13 14 15 | 15.2
Bows           | 1 2 3 4 5 6 7 8 9 10 11 12 13 14 15 | 15.2
Crossbows      | 1 2 3 4 5 6 7 8 9 10 11 12 13 14 15 | 15.2
Throwing       | 1 2 3 4 5 6 7 8 9 10 11 12 13 14 15 | 15.2
Armour         | 1 2 3 4 5 6 7 8 9 10 11 12 13 14 15 | 15.2
Dodging        | 1 2 3 4 5 6 7 8 9 10 11 12 13 14 15 | 15.2
Stealth        | 1 2 3 4 5 6 7 8 9 10 11 12 13 14 15 | 15.2
Shields        | 1 2 3 4 5 6 7 8 9 10 11 12 13 14 15 | 15.2
Unarmed Combat | 1 2 3 4 5 6 7 8 9 10 11 12 13 14 15 | 15.2
Evocations     | 1 2 3 4 5 6 7 8 9 10 11 12 13 14 15 | 15.2
Conjurations   | 1 2 3 4 5 6 7 8 9 10 11 12 | 12.9
Hexes          | 1 2 3 4 5 6 7 8 9 10 11 12 | 12.9
Summonings     | 1 2 3 4 5 6 7 8 9 10 11 12 | 12.9
Necromancy     | 1 2 3 4 5 6 7 8 9 10 11 12 | 12.9
Translocations | 1 2 3 4 5 6 7 8 9 10 11 12 | 12.9
Transmutations | 1 2 3 4 5 6 7 8 9 10 11 12 | 12.9
Fire Magic     | 1 2 3 4 5 6 7 8 9 10 11 12 13 14 15 16 | 16.2
Ice Magic      | 1 2 3 4 5 6 7 8 9 10 11 12 | 12.9
Air Magic      | 1 2 3 4 5 6 7 8 9 10 11 12 | 12.9
Earth Magic    | 1 2 3 4 5 6 7 8 9 10 11 12 | 12.9
Poison Magic   | 1 2 3 4 5 6 7 8 9 10 11 12 | 12.9
Fighting       | 5 6 7 8 9 10 11 12 13 14 15 | 15.8
Maces & Flails | 7 8 9 10 11 12 13 14 15 16 | 16.4

Action                   |  1- 3 |  4- 6 |  7- 9 | 10-12 | 13-15 | 16-18 | 19-21 | 22-24 || total
-------------------------+-------+-------+-------+-------+-------+-------+-------+-------++-------
Melee: Mace              |    90 |    33 |       |       |       |       |       |       ||   123
       Bite              |     5 |    11 |    25 |    29 |   143 |   110 |   236 |    71 ||   630
       Spear             |       |   122 |       |       |       |       |       |       ||   122
       Rapier            |       |    35 |   199 |       |       |    23 |       |       ||   257
       Punch             |       |       |     7 |     1 |       |       |       |       ||     8
       Whip              |       |       |    41 |    15 |       |       |       |       ||    56
       Demon trident     |       |       |       |   360 |  1448 |  1627 |  1778 |   408 ||  5621
       Broad axe         |       |       |       |       |   118 |       |       |       ||   118
Throw: Dart              |    10 |       |    18 |    58 |    10 |    22 |     5 |       ||   123
       Throwing net      |       |       |     1 |       |       |       |       |       ||     1
       Javelin           |       |       |       |     6 |     7 |     3 |       |       ||    16
 Cast: Stone Arrow       |       |       |       |    15 |     9 |    36 |       |       ||    60
       Mephitic Cloud    |       |       |       |       |    17 |    34 |    13 |       ||    64
       Borgnjor's Vile C |       |       |       |       |       |    76 |   150 |    41 ||   267
       Eringya's Noxious |       |       |       |       |       |       |    16 |     1 ||    17
       Fireball          |       |       |       |       |       |       |    10 |       ||    10
       Manifold Assault  |       |       |       |       |       |       |     6 |       ||     6
       Lightning Bolt    |       |       |       |       |       |       |     8 |     5 ||    13
Invok: Major Destruction |       |       |       |       |     3 |       |       |       ||     3
       Lesser Servant of |       |       |       |       |     1 |       |       |       ||     1
       Minor Destruction |       |       |       |       |     5 |       |       |       ||     5
       Greater Servant o |       |       |       |       |       |     1 |       |       ||     1
Evoke: Wand              |       |       |     2 |     8 |     5 |     2 |     4 |     1 ||    22
       Box of beasts     |       |       |       |       |       |       |     1 |     1 ||     2
  Use: Potion            |     3 |     2 |       |       |     2 |     5 |     3 |       ||    15
       Scroll            |       |     1 |       |    11 |    11 |     9 |     9 |     1 ||    42
 Stab: Sleeping          |     1 |     2 |     1 |     7 |    31 |    33 |    21 |    11 ||   107
       Held in net/web   |       |       |     1 |       |       |       |       |       ||     1
       Confused          |       |       |       |       |    16 |    15 |    18 |       ||    49
       Distracted        |       |       |       |       |     1 |     6 |     6 |     2 ||    15
Armor: Leather armour    |    32 |    15 |       |       |       |       |       |       ||    47
       Ring mail         |       |    33 |    80 |     7 |       |       |       |       ||   120
       Scale mail        |       |     7 |       |       |       |       |       |       ||     7
       Acid dragon scale |       |       |       |    52 |   292 |   221 |   220 |    36 ||   821
       Fire dragon scale |       |       |       |       |       |       |     1 |       ||     1
Dodge: Dodged            |    75 |    74 |   151 |   191 |   777 |   814 |   807 |   105 ||  2994
Block: Buckler           |       |       |       |    56 |   690 |   671 |   586 |       ||  2003
       Reflection        |       |       |       |       |    14 |    95 |    40 |     2 ||   151
       Kite shield       |       |       |       |       |       |       |    28 |   110 ||   138

Table legend: (Time is in decaauts)
 A = Elapsed time spent in this place.
 B = Non-inter-level travel time spent in this place.
 C = Inter-level travel time spent in this place.
 D = Time resting spent in this place.
 E = Time spent auto-exploring this place.
 F = Levels seen in this place.
 G = Mean time per level.
                   A        B        C        D        E       F      G
               +--------+--------+--------+--------+--------+-----+--------+
         Total |  72618 |  66696 |   5922 |  15201 |  38868 |  43 | 1688.8 |
       Dungeon |  20500 |  18113 |   2387 |   2325 |  12884 |  15 | 1366.7 |
        Temple |     12 |      6 |      6 |      0 |      0 |   1 |   12.0 |
          Lair |  10272 |   9520 |    752 |   2010 |   5568 |   6 | 1712.0 |
        Shoals |   9195 |   8538 |    657 |   3777 |   3261 |   4 | 2298.8 |
     Snake Pit |  10457 |   9767 |    690 |   1968 |   6087 |   4 | 2614.2 |
  Orcish Mines |   3145 |   2651 |    494 |    453 |   1475 |   2 | 1572.5 |
        Vaults |  12536 |  11749 |    787 |   2981 |   6337 |   4 | 3134.0 |
        Depths |   4637 |   4490 |    147 |    938 |   2585 |   4 | 1159.2 |
        Bazaar |    513 |    513 |      0 |      0 |    390 |   2 |  256.5 |
      Ice Cave |   1348 |   1348 |      0 |    747 |    280 |   1 | 1348.0 |
               +--------+--------+--------+--------+--------+-----+--------+

Top non-repeatable levels by time:
Vaults:1: 4674 daAuts
 Snake:3: 3702 daAuts
 Snake:4: 3078 daAuts
Vaults:2: 2885 daAuts
Shoals:3: 2717 daAuts
Shoals:2: 2653 daAuts
Vaults:3: 2643 daAuts
    D:15: 2463 daAuts
Vaults:4: 2332 daAuts
  Lair:6: 2278 daAuts
Shoals:4: 2257 daAuts
     D:9: 2184 daAuts
  Lair:2: 2126 daAuts
   Orc:2: 1931 daAuts
 Snake:1: 1891 daAuts
